 Dungeon Crawl Stone Soup version 0.19.0-24-gb05acd6 (console) character file.

10294 Monkaria the Severer (level 11, 78/100 HPs)
             Began as a Deep Dwarf Fighter on Nov 20, 2016.
             Was a Priest of Makhleb.
             Quit the game on level 14 of the Dungeon.
             The game lasted 00:31:50 (10179 turns).

Monkaria the Severer (Deep Dwarf Fighter)          Turns: 10179, Time: 00:31:50

Health: 78/100     AC: 13    Str: 22 (23) XL:     11   Next: 34%
Magic:  0/0        EV:  7    Int:  7 (9)  God:    Makhleb [***...]
Gold:   289        SH:  9    Dex:  8 (10) Spells: 0 memorised, 10 levels left

rFire  . . .     SeeInvis .     a - +1 war axe
rCold  . . .     Gourm    .     b - +0 scale mail
rNeg   . . .     Faith    .     c - +0 shield
rPois  +         Spirit   .     (no helmet)
rElec  .         Reflect  .     U - +0 cloak
rCorr  .         Harm     .     H - +0 pair of gloves
MR     ++...     Clarity  +     (no boots)
Stlth  ..........               (no amulet)
                                (no ring)
                                V - ring of poison resistance

@: non-regenerating, drained
A: damage resistance, recharge devices, icy blue scales 2, clarity, clumsy 1,
low mp 1, magic resistance 1, sense surroundings 2, slow regeneration 3, wild
magic 1
a: Device Recharging, Minor Destruction, Lesser Servant of Makhleb, Renounce
Religion


You were on level 14 of the Dungeon.
You worshipped Makhleb.
Makhleb was most pleased with you.
You were not hungry.

You visited 2 branches of the dungeon, and saw 14 of its levels.
You also visited: Sewer and Ossuary.

You collected 681 gold pieces.
You spent 392 gold pieces at shops.

Inventory:

Hand Weapons
 a - a +1 war axe (weapon)
 R - a +0 shortbow
Missiles
 p - 151 arrows
 z - 28 poisoned needles
 I - 2 javelins (quivered)
 P - 15 tomahawks
 T - 5 tomahawks of returning
 X - 7 steel tomahawks
Armour
 b - a +0 scale mail (worn)
 c - a +0 shield (worn)
 r - a +0 chain mail of magic resistance
 w - a +0 helmet
 H - a +0 pair of gloves (worn)
 U - a +0 cloak (worn)
Jewellery
 E - an uncursed ring of ice
 L - an uncursed amulet of harm {unknown}
 V - a ring of poison resistance (left hand)
Wands
 e - a wand of heal wounds (1/9)
 n - a wand of teleportation (5/9)
 v - a wand of flame (26/48)
 O - a wand of slowing (6/48)
 S - a wand of confusion (15/48)
 Z - a wand of disintegration (5/24)
Scrolls
 k - 8 scrolls of remove curse
 t - 4 scrolls of immolation
 A - a scroll of fear
 C - 3 scrolls of teleportation
 K - 3 scrolls of magic mapping
Potions
 d - 5 potions of might
 i - 6 potions of haste
 j - a potion of brilliance
 l - 3 potions of flight
 m - a potion of beneficial mutation
 s - 5 potions of agility
 u - 5 potions of curing
 x - 3 potions of lignification
 B - a potion of magic
 D - 9 potions of heal wounds
 F - a potion of resistance
 M - a potion of berserk rage
Books
 G - a book of Debilitation

   Spells                             Type                      Level
   a - Corona                         Hexes                        1
   b - Slow                           Hexes                        2
   c - Gell's Gravitas                Hexes/Translocation          3
   d - Inner Flame                    Hexes/Fire                   3
   e - Cause Fear                     Hexes                        4
   f - Leda's Liquefaction            Hexes/Earth                  4
 Q - a book of Air

   Spells                             Type                      Level
   a - Shock                          Conjuration/Air              1
   b - Swiftness                      Charms/Air                   2
   c - Repel Missiles                 Charms/Air                   2
   d - Static Discharge               Conjuration/Air              3
   e - Lightning Bolt                 Conjuration/Air              5
Miscellaneous
 y - a lamp of fire (inert)
Comestibles
 f - 10 bread rations
 g - 2 slices of pizza
 h - 6 meat rations
 o - 3 fruits
 q - a royal jelly
 J - 5 chunks of flesh
 W - 2 beef jerkies


   Skills:
 - Level 7.0(6.9) Fighting
 - Level 16.0(15.8) Axes
 + Level 7.2(7.1) Armour
 - Level 3.2 Shields


You had 10 spell levels left.
You didn't know any spells.

Dungeon Overview and Level Annotations

Branches:
Dungeon (14/15)            Temple (1/1) D:7            Lair (0/6) D:10
    Orc: D:9-12      Vaults: D:13-14

Altars:
Ashenzari
Cheibriados
Dithmenos
Elyvilon
Fedhas
Gozag
Hepliaklqana
Makhleb
Nemelex Xobeh
Okawaru
Ru
Sif Muna
Trog
Vehumet
Xom
Yredelemnul
Zin
The Shining One

Shops:
D:14 !


Innate Abilities, Weirdness & Mutations

You are resistant to damage.
You can recharge devices by infusing magical energy.
You passively map the area around you.
You do not regenerate.
You are mostly covered in icy blue scales. (AC +3)
You possess an exceptional clarity of mind.
You are clumsy. (Dex -2)
Your magical capacity is low. (-10% MP)
You are resistant to hostile enchantments. (MR+)
Your spells are a little harder to cast, but a little more powerful.


Message History

No target in view!
No target in view!
No target in view!
You see here a shapeshifter corpse.
You butcher the shapeshifter corpse.
You see here 3 mutagenic chunks of flesh.
Y - 3 mutagenic chunks of flesh You start eating one of the 3 mutagenic chunks of flesh.
This meat tastes really weird.
You feel less in control of your magic.
You start eating one of the 2 mutagenic chunks of flesh.
This meat tastes really weird.
You feel resistant to hostile enchantments.
You start eating the mutagenic chunk of flesh.
This meat tastes really weird.
You feel extremely strange.
Icy blue scales spread over more of your body.
You feel clumsy.
Unknown command.
Are you sure you want to abandon this character and quit the game? (Confirm with "yes".)

......# #..........♣∩♣#
#....# .######
###+######..?# ###'##
.#### , ###♣# #..# ..!.# *
##.## ###+#* #####+####
#..# , ,,, .........#
##'###### , .........#
#........ , , *
......(..#######........
*,.......@.'....##........
, .........####..#........
,,, .......[.#
##.'........ , ,
*#+######## ###.....<.. *
+ * ** * #........ ,,*
###...### * ,* *.### * **
* * .. , , + , ...,,


There were no monsters in sight!

Vanquished Creatures
  A tengu warrior (D:12)
  2 hill giants
  Joseph (D:9)
  Maurice (D:9)
  An efreet (D:13)
  A troll (shapeshifter) (D:14)
  2 trolls
  A shadow (D:13)
  Sigmund (D:3)
  6 yaks (D:12)
  A wraith (Ossuary)
  A soldier ant (D:12)
  A water moccasin (D:8)
  2 necrophages
  An ice beast (D:10)
  A hornet zombie (D:10)
  2 eyes of draining
  2 orc warriors
  13 ogres
  3 centaurs
  3 phantoms
  7 bullfrogs
  An elf zombie (Ossuary)
  2 scorpions
  8 wights
  5 howler monkeys
  2 centaur zombies
  3 crimson imps
  3 bullfrog zombies
  4 hounds
  3 jellies
  4 orc priests
  3 centaur skeletons
  Crazy Yiuf (D:5)
  An iguana (D:8)
  9 orc wizards
  8 worker ants
  4 mummies
  14 adders
  6 gnolls
  A shadow imp (D:8)
  An ooze (D:2)
  2 adder skeletons
  3 worms
  3 dart slugs (D:1)
  3 leopard geckos
  47 orcs
  A giant cockroach (D:6)
  10 goblins
  5 hobgoblins
  17 jackals
  5 quokkas
  3 ball pythons
  2 bats
  10 frilled lizards
  4 goblin zombies (Ossuary)
  3 hobgoblin zombies (Ossuary)
  13 kobolds
  A kobold zombie (Ossuary)
  A quokka zombie (D:8)
  11 rats
  3 plants (Sewer)
284 creatures vanquished.

Vanquished Creatures (others)
  An adder (D:2)
1 creature vanquished.

Grand Total: 285 creatures vanquished

Notes
Turn   | Place    | Note
-------+----------+-------------------------------------------
     0 | D:1      | Monkaria the Deep Dwarf Fighter began the quest for the Orb.
     0 | D:1      | Reached XP level 1. HP: 20/20 MP: 1/1
   131 | D:1      | Reached XP level 2. HP: 26/28 MP: 2/2
   620 | D:2      | Reached XP level 3. HP: 23/36 MP: 3/3
   855 | D:2      | Found a radiant altar of Vehumet.
   887 | D:2      | Reached XP level 4. HP: 18/45 MP: 4/4
  1706 | D:3      | Found a hazy altar of Hepliaklqana.
  1750 | D:3      | Reached skill level 5 in Fighting
  1822 | D:3      | Reached XP level 5. HP: 39/52 MP: 5/5
  1903 | D:3      | Noticed Sigmund
  1919 | D:3      | Killed Sigmund
  1919 | D:3      | Reached XP level 6. HP: 21/63 MP: 6/6
  2617 | D:4      | Found a glowing silver altar of Zin.
  2617 | D:4      | Found a white marble altar of Elyvilon.
  2617 | D:4      | Found a snail-covered altar of Cheibriados.
  2617 | D:4      | Found a shimmering altar of Xom.
  2746 | D:4      | Reached skill level 3 in Axes
  2746 | D:4      | Reached XP level 7. HP: 26/72 MP: 7/7
  2907 | D:4      | Found a basalt altar of Yredelemnul.
  3106 | D:5      | Entered Level 5 of the Dungeon
  3350 | D:5      | Reached skill level 4 in Axes
  3547 | D:5      | Reached skill level 5 in Axes
  3732 | D:5      | Found a runed door.
  3973 | D:5      | Noticed Crazy Yiuf
  3980 | D:5      | Killed Crazy Yiuf
  3980 | D:5      | Reached skill level 6 in Axes
  4118 | D:6      | Found a glowing drain.
  4154 | Sewer    | Entered a sewer
  4865 | D:6      | HP: 3/72 [ogre/giant club (19)]
  4873 | D:6      | Reached skill level 7 in Axes
  4873 | D:6      | Reached XP level 8. HP: 49/80 MP: 5/5
  4990 | D:6      | HP: 4/80 [orc warrior/glaive of flaming (5)]
  5001 | D:6      | Reached skill level 8 in Axes
  5095 | D:6      | Found a sparkling altar of Nemelex Xobeh.
  5095 | D:6      | Found a shadowy altar of Dithmenos.
  5919 | D:7      | Reached skill level 9 in Axes
  6034 | D:7      | Found a staircase to the Ecumenical Temple.
  6066 | Temple   | Entered the Ecumenical Temple
  6073 | Temple   | Became a worshipper of Makhleb the Destroyer
  6365 | D:7      | Reached skill level 10 in Axes
  6381 | D:7      | Found a sand-covered staircase.
  6391 | Ossuary  | Entered an ossuary
  6644 | Ossuary  | Gained mutation: You passively map the area around you. [Deep Dwarf growth]
  6644 | Ossuary  | Reached XP level 9. HP: 24/86 MP: 5/5
  7129 | D:8      | Reached skill level 11 in Axes
  7244 | D:8      | Reached * piety under Makhleb
  7448 | D:8      | Reached skill level 12 in Axes
  8084 | D:8      | Reached ** piety under Makhleb
  8307 | D:9      | Noticed Maurice
  8317 | D:9      | Killed Maurice
  8317 | D:9      | Reached skill level 13 in Axes
  8346 | D:9      | Reached XP level 10. HP: 27/94 MP: 4/4
  8410 | D:9      | Noticed Joseph
  8528 | D:9      | Killed Joseph
  8714 | D:10     | Entered Level 10 of the Dungeon
  8845 | D:10     | Reached skill level 14 in Axes
  8926 | D:10     | Noticed a hill giant
  8947 | D:10     | Killed a hill giant
  9022 | D:10     | Reached *** piety under Makhleb
  9022 | D:10     | Reached skill level 15 in Axes
  9203 | D:10     | Found a staircase to the Lair.
  9456 | D:10     | You fall through a shaft for 3 floors!
  9456 | D:13     | Noticed a hill giant
  9476 | D:13     | Killed a hill giant
  9725 | D:13     | Noticed a tengu warrior
  9728 | D:13     | Reached skill level 16 in Axes
  9728 | D:13     | Reached XP level 11. HP: 44/100 MP: 3/3
  9800 | D:12     | Noticed a tengu warrior
  9900 | D:12     | Killed a tengu warrior
  9900 | D:12     | Reached skill level 5 in Armour
  9998 | D:12     | You fall through a shaft for 2 floors!
 10031 | D:14     | Gained mutation: You are partially covered in icy blue scales. (AC +2) [potion of mutation]
 10031 | D:14     | Gained mutation: You possess an exceptional clarity of mind. [potion of mutation]
 10031 | D:14     | Gained mutation: Your magical capacity is low. (-10% MP) [potion of mutation]
 10124 | D:14     | Found Guiloumu's Distillery.
 10127 | D:14     | Bought a potion of berserk rage for 80 gold pieces
 10127 | D:14     | Bought a potion of mutation for 40 gold pieces
 10127 | D:14     | Bought a potion of might for 64 gold pieces
 10127 | D:14     | Bought a potion of heal wounds for 80 gold pieces
 10127 | D:14     | Bought a potion of heal wounds for 80 gold pieces
 10127 | D:14     | Bought a potion of curing for 48 gold pieces
 10176 | D:14     | Gained mutation: Your spells are a little harder to cast, but a little more powerful. [mutagenic meat]
 10177 | D:14     | Gained mutation: You are resistant to hostile enchantments. (MR+) [mutagenic meat]
 10178 | D:14     | Gained mutation: You are mostly covered in icy blue scales. (AC +3) [potion of mutation]
 10178 | D:14     | Gained mutation: You are clumsy. (Dex -2) [potion of mutation]
 10179 | D:14     | Quit the game

Skill      XL: |  1  2  3  4  5  6  7  8  9 10 11 |
---------------+----------------------------------+-----
Fighting       | 3 4 5 6 7 |  7.0
Axes           | 3 7 10 13 16 | 16.0
Armour         | 7 |  7.2
Shields        | |  3.2

Action                   |  1- 3 |  4- 6 |  7- 9 | 10-12 || total
-------------------------+-------+-------+-------+-------++-------
Melee: War axe           |    87 |   247 |   580 |   321 ||  1235
Throw: Stone             |       |       |    10 |       ||    10
       Tomahawk          |       |       |     6 |       ||     6
       Javelin           |       |       |     2 |     8 ||    10
Invok: Lesser Servant of |       |       |       |     1 ||     1
 Abil: Device Recharging |       |       |     6 |     4 ||    10
Evoke: Wand              |       |     4 |    40 |    29 ||    73
       Lamp of fire      |       |       |       |     1 ||     1
  Use: Scroll            |       |     4 |    12 |     5 ||    21
       Potion            |       |       |       |     9 ||     9
 Stab: Paralysed         |       |       |     8 |       ||     8
       Confused          |       |       |       |     3 ||     3
  Eat: Chunk             |       |     7 |    18 |     9 ||    34
       Fruit             |       |       |     1 |     1 ||     2
Armor: Scale mail        |    31 |    95 |   185 |    96 ||   407
Dodge: Dodged            |    23 |    90 |   140 |    57 ||   310
Block: Shield            |    43 |   165 |   257 |   105 ||   570
